 Dungeon Crawl Stone Soup version 0.29-a0-613-gf2c431b9b9 (webtiles) character file.

Game seed: 2653875389369505772

63 kyalle the Stinger (level 4, 0/36 HPs)
             Began as a Naga Venom Mage on June 15, 2022.
             Slain by a phantom (4 damage)
             ... on level 2 of the Dungeon on June 16, 2022.
             The game lasted 00:11:57 (2469 turns).

kyalle the Stinger (Naga Venom Mage)                Turns: 2469, Time: 00:11:57

Health: 0/36       AC:  4    Str: 10    XL:     4   Next: 9%
Magic:  2/8        EV:  9    Int: 17    God:
Gold:   126        SH:  0    Dex: 12    Spells: 8/9 levels left

rFire   + . .      SeeInvis +   (no weapon)
rCold   . . .      Faith    .   (no shield)
rNeg    . . .      Spirit   .   e - +2 leather armour {rF+}
rPois   +          Reflect  .   (no helmet)
rElec   .          Harm     .   (no cloak)
rCorr   .          Rampage  .   (no gloves)
Will    .....                   (no barding)
Stlth   ++........              (no amulet)
HPRegen 0.12/turn               (no ring)
MPRegen 0.11/turn               (no ring)

@: very slow
A: AC +1, large, see invisible, deformed body, poison resistance, slowness 2,
spit poison 1, naga tail 1
a: Spit Poison


You were on level 2 of the Dungeon.
You visited 1 branch of the dungeon, and saw 3 of its levels.

You collected 126 gold pieces.

Inventory:

Armour
 a - a +0 robe
 e - a +2 leather armour of fire resistance (worn)
Jewellery
 d - a ring of ice
 f - an amulet of reflection
 o - a ring of fire
Wands
 j - a wand of digging (7)
Scrolls
 c - a scroll of teleportation
 g - a scroll of fog
 m - a scroll of poison {unknown}
 n - a scroll of fear {unknown}
Potions
 b - a potion of magic
 h - 2 potions of curing
 i - a potion of mutation {unknown}
 k - a potion of lignification {unknown}
 l - a potion of invisibility {unknown}


   Skills:
 + Level 2.1 Dodging
 - Level 3.1 Stealth
 * Level 3.1 Spellcasting
 - Level 1.0 Transmutations
 * Level 4.7 Poison Magic


You had 8 spell levels left.
You knew the following spells:

 Your Spells              Type           Power      Damage    Failure   Level
a - Sting                 Tmut/Pois      48%        1d5       7%          1

Your spell library contained the following spells:

 Spells                   Type           Power      Damage    Failure   Level
 Poisonous Vapours        Pois/Air       20%        N/A       14%         2
 Olgreb's Toxic Radiance  Pois           18%        N/A       34%         4
 Mephitic Cloud           Conj/Pois/Air  7%         N/A       36%         3
 Iskenderun's Battlesphe  Conj           2%         2d6       100%        5
 Iron Shot                Conj/Erth      1%         9d1       100%        6
 Spellforged Servitor     Conj/Summ      1%         N/A       100%        7


Dungeon Overview and Level Annotations

Branches:
Dungeon (3/15)

Altars:


Innate Abilities, Weirdness & Mutations

Your serpentine skin is tough. (AC +1)
You have supernaturally acute eyesight. (SInv)
Armour fits poorly on your strangely shaped body.
Your system is resistant to poisons. (rPois)
You cover ground very slowly.
You can spit poison.
You have a snake-like lower body.


Message History

Aim: a phantom (moderately damaged, 60% to hit)
You miscast Sting.
You are very lightly contaminated with residual magic.
Nothing appears to happen.
The phantom closely misses you.
Casting: Sting (safe; 7% risk of failure)
Confirm with . or Enter, or press ? or * to list all spells.
You don't have enough magic to cast this spell.
Unknown command.
The phantom hits you but does no damage.
The phantom barely misses you.
There is a stone staircase leading down here.
Unknown command.
The phantom hits you.
The phantom blinks!
You blink.
You have got your breath back.
You barely miss the phantom.
The phantom is lightly damaged.
The phantom hits you but does no damage.
You barely miss the phantom.
The phantom is lightly damaged.
The phantom hits you.
Your magical contamination has completely faded away.
You barely miss the phantom.
The phantom is lightly damaged.
The phantom hits you.
* * * LOW HITPOINT WARNING * * *
You closely miss the phantom.
The phantom is lightly damaged.
The phantom hits you.
* * * LOW HITPOINT WARNING * * *
You barely miss the phantom.
The phantom is lightly damaged.
The phantom hits you.
* * * LOW HITPOINT WARNING * * *
The phantom blinks!
You blink.
The phantom closely misses you. The phantom closely misses you.
You barely miss the phantom.
The phantom is lightly damaged.
The phantom hits you.
You die...

##.........#.#.##.....##
##.........#...##.#####
#..............#.###
#..................#
##.(.............##.#
##....>..........##.#
.................#..#
#....######........##
##.....####....W@###
#...#...........#
###.......[.....#
###....(.........#
.....##..........##
.###.###..........#
............#####'#####
.....###....#....#....#
.....# ##...#..≈≈#≈≈..#


You could see a phantom.

Vanquished Creatures
  An adder (D:2)
  2 dart slugs (D:1)
  5 ball pythons
  6 endoplasms
  2 giant cockroaches
  3 goblins (D:2)
  6 hobgoblins
  7 kobolds
  4 quokkas
  3 bats (D:1)
  3 frilled lizards
  2 rats (D:1)
44 creatures vanquished.

Notes
Turn   | Place    | Note
-------+----------+-------------------------------------------
     0 | D:1      | kyalle the Naga Venom Mage began the quest for the Orb.
     0 | D:1      | Reached XP level 1. HP: 15/15 MP: 3/3
   380 | D:1      | Reached XP level 2. HP: 22/22 MP: 3/5
  1201 | D:1      | Reached XP level 3. HP: 28/28 MP: 4/6
  1456 | D:1      | Upgraded the game from 0.29-a0-598-gd8304a5bf4 to
                  | 0.29-a0-613-gf2c431b9b9
  1927 | D:2      | Found a faded altar of an unknown god.
  2081 | D:2      | Reached XP level 4. HP: 34/36 MP: 2/8
  2432 | D:3      | Noticed a phantom
  2469 | D:2      | Slain by a phantom

Illustrated notes

Levels and vault maps discovered:
D:1:      heliophobic_arrival_ceremonial_halls, layout_basic, serial_rivers,
          chequers_serial_rivers_small_a, chequers_serial_rivers_micro_c,
          chequers_serial_rivers_large_a, chequers_serial_rivers_micro_a,
          chequers_serial_rivers_micro_b, chequers_serial_rivers_micro_d,
          serial_bayou_pond_e, corexii_corridor_pit
D:2:      layout_rooms, shapermc_ecumenical_altar_notcrosses,
          minmay_goblin_kobold_house
D:3:      layout_loops_ring, gammafunk_ghost_icy

Skill      XL: |  1  2  3 |
---------------+----------+-----
Dodging        | 2 |  2.1
Spellcasting   | 3 |  3.1
Stealth        | |  3.1
Transmutations | |  1.0
Poison Magic   | |  4.7

Action                   |  1- 3 |  4- 6 || total
-------------------------+-------+-------++-------
Melee: Unarmed           |     9 |    11 ||    20
 Cast: Sting             |    50 |     8 ||    58
 Abil: Spit Poison       |    14 |     5 ||    19
  Use: Scroll            |     4 |       ||     4
Armor: Robe              |     3 |       ||     3
       Leather armour    |     7 |     5 ||    12
Dodge: Dodged            |    27 |     7 ||    34

Table legend: (Time is in decaauts)
 A = Elapsed time spent in this place.
 B = Non-inter-level travel time spent in this place.
 C = Inter-level travel time spent in this place.
 D = Time resting spent in this place.
 E = Time spent auto-exploring this place.
 F = Levels seen in this place.
 G = Mean time per level.
                   A        B        C        D        E       F      G
               +--------+--------+--------+--------+--------+-----+--------+
         Total |   3058 |   2978 |     80 |      0 |   2393 |   3 | 1019.3 |
       Dungeon |   3058 |   2978 |     80 |      0 |   2393 |   3 | 1019.3 |
               +--------+--------+--------+--------+--------+-----+--------+

Top non-repeatable levels by time:
     D:1: 2163 daAuts
     D:2: 884 daAuts
     D:3: 10 daAuts
